 Dungeon Crawl Stone Soup version 0.29-a0-613-gf2c431b9b9 (webtiles) character file.

Game seed: 7818690405589739999

52 moldycheese5 the Skirmisher (level 3, -5/29 HPs)
             Began as a Demonspawn Abyssal Knight on June 16, 2022.
             Was a Believer of Lugonu.
             Slain by Sigmund
             ... wielding a +0 scythe
              (8 damage)
             ... on level 3 of the Dungeon.
             The game lasted 00:02:35 (2264 turns).

moldycheese5 the Skirmisher (DsAK)                  Turns: 2264, Time: 00:02:36

Health: -5/29      AC: 10    Str: 15    XL:     3   Next: 60%
Magic:  5/5        EV:  2    Int: 11    God:    Lugonu [**....]
Gold:   43         SH:  7    Dex: 15    Spells: 2/2 levels left

rFire   . . .      SeeInvis .   a - +1 falchion
rCold   . . .      Faith    .   k - +0 kite shield
rNeg    . . .      Spirit   .   q - +0 plate armour
rPois   .          Reflect  .   (no helmet)
rElec   .          Harm     .   (no cloak)
rCorr   +          Rampage  .   (no gloves)
Will    .....                   (no boots)
Stlth   ..........              (no amulet)
HPRegen 0.09/turn               c - ring of resist corrosion
MPRegen 0.09/turn               (no ring)

@: no status effects
A: thin skeletal structure 1, powered by death 1
a: Renounce Religion, Depart the Abyss, Bend Space


You were on level 3 of the Dungeon.
You worshipped Lugonu.
Lugonu was pleased with you.
You visited 1 branch of the dungeon, and saw 3 of its levels.
You visited the Abyss 1 time.

You collected 43 gold pieces.

Inventory:

Hand Weapons
 a - a +1 falchion (weapon)
Missiles
 p - 2 throwing nets
Armour
 b - a +0 leather armour
 k - a +0 kite shield (worn)
 q - a +0 plate armour (worn)
Jewellery
 c - a ring of resist corrosion (left hand)
 j - a ring of protection from cold
 m - a ring of magical power
Scrolls
 d - a scroll of immolation {unknown}
 e - a scroll of poison {unknown}
 f - 3 scrolls of identify {unknown}
 h - a scroll of noise {unknown}
 o - a scroll of magic mapping {unknown}
 s - a scroll of fog {unknown}
 t - a scroll of fear {unknown}
Potions
 g - 2 potions of invisibility {unknown}
 i - 2 potions of haste {unknown}
 l - a potion of berserk rage {unknown}
 n - 2 potions of curing {unknown}
 r - a potion of lignification {unknown}


   Skills:
 + Level 3.5 Fighting
 + Level 2.7 Long Blades
 + Level 2.1 Armour
 + Level 0.9 Dodging
 + Level 0.5 Stealth
 + Level 0.1 Shields
 + Level 2.7 Invocations


You had 2 spell levels left.
You didn't know any spells.
Your spell library contained the following spells:

 Spells                   Type           Power      Damage    Failure   Level
 Beastly Appendage        Tmut           0%         N/A       100%        1
 Wereblood                Tmut           0%         N/A       100%        2
 Spider Form              Tmut/Pois      0%         N/A       100%        3


Dungeon Overview and Level Annotations

Branches:
Dungeon (3/15)

Altars:

Annotations:
D:3 Sigmund


Innate Abilities, Weirdness & Mutations

You have a somewhat thin skeletal structure. (Dex +2, Stealth+)
You regenerate a little health from kills.


Message History

You climb downwards.
Found a quarterstaff and 14 stones.
There is a stone staircase leading up here.
Found a ring mail.
You see here a +0 ring mail.
Found an escape hatch in the ceiling.
There is an escape hatch in the ceiling here.
A hobgoblin comes into view.
The hobgoblin shouts!
The hobgoblin hits you but does no damage.
You hit the hobgoblin.
The hobgoblin is almost dead.
The hobgoblin hits you but does no damage.
You slash the hobgoblin!
You kill the hobgoblin!
Lugonu accepts your kill.
No target in view!
No target in view!
You now have 43 gold pieces (gained 6).
Sigmund the Dreaded comes into view.
He is wielding a +0 scythe.
Sigmund shouts!
A giant cockroach comes into view.
Sigmund mumbles some strange words.
Sigmund flickers and vanishes!
Deactivating autopickup; reactivate with Ctrl-A.
You slash something! Something hits you!
A goblin comes into view. It is wielding a +0 club.
You barely miss something. You block something's attack.
You miss something. Something hits you.
You are too injured to fight recklessly!
You are too injured to fight recklessly!
You are too injured to fight recklessly!
You are too injured to fight recklessly!
You are too injured to fight recklessly!
You closely miss something. Something hits you!
* * * LOW HITPOINT WARNING * * *
You miss something. Something hits you.
* * * LOW HITPOINT WARNING * * *
You hit something. Something hits you!
You die...

..#. #.. ...
#..
######.##
#.....Bg
#.#.##{#
#.#.##@#
#.#....#
#.#.##.#
#......#.#
###......#
#.###### #.#
##.##
###...####.#


You could see a giant cockroach and a goblin.

Vanquished Creatures
  2 worms (D:2)
  3 ball pythons
  6 endoplasms
  3 giant cockroaches (D:1)
  3 goblins
  8 hobgoblins
  2 jackals (D:1)
  2 kobolds (D:2)
  2 quokkas
  4 frilled lizards
  6 rats (D:1)
41 creatures vanquished.

Notes
Turn   | Place    | Note
-------+----------+-------------------------------------------
     0 | Abyss:1  | moldycheese5 the Demonspawn Abyssal Knight began the quest
                  | for the Orb.
     0 | Abyss:1  | Reached XP level 1. HP: 18/18 MP: 2/2
     0 | D:1      | Escaped the Abyss
    43 | D:1      | Found a faded altar of an unknown god.
   109 | D:1      | Reached ** piety under Lugonu
   304 | D:1      | Gained mutation: You have a somewhat thin skeletal
                  | structure. (Dex +2, Stealth+) [demonic ancestry]
   304 | D:1      | Reached XP level 2. HP: 23/24 MP: 3/3
  1141 | D:2      | Gained mutation: You regenerate a little health from kills.
                  | [demonic ancestry]
  1141 | D:2      | Reached XP level 3. HP: 29/29 MP: 5/5
  2257 | D:3      | Noticed Sigmund
  2264 | D:3      | Slain by Sigmund

Illustrated notes

Levels and vault maps discovered:
D:1:      ncdulo_halloftheorcs, layout_basic,
          ebering_ecumenical_altar_sacrificial
D:2:      wad_pebble_path, layout_basic
D:3:      layout_loops_cross, uniq_sigmund

Skill      XL: |  1  2  3 |
---------------+----------+-----
Long Blades    | 2 |  2.7
Armour         | 2 |  2.1
Fighting       | |  3.5
Dodging        | |  0.9
Stealth        | |  0.5
Shields        | |  0.1
Invocations    | |  2.7

Action                   || total
-------------------------++-------
Melee: Falchion          ||   115
Invok: Depart the Abyss  ||     1
 Stab: Sleeping          ||     7
Armor: Leather armour    ||    19
       Plate armour      ||     2
Dodge: Dodged            ||    42
Block: Kite shield       ||    15

Table legend: (Time is in decaauts)
 A = Elapsed time spent in this place.
 B = Non-inter-level travel time spent in this place.
 C = Inter-level travel time spent in this place.
 D = Time resting spent in this place.
 E = Time spent auto-exploring this place.
 F = Levels seen in this place.
 G = Mean time per level.
                   A        B        C        D        E       F      G
               +--------+--------+--------+--------+--------+-----+--------+
         Total |   2294 |   2162 |    132 |    189 |   1632 |   4 |  573.5 |
       Dungeon |   2294 |   2162 |    132 |    189 |   1632 |   3 |  764.7 |
         Abyss |      0 |      0 |      0 |      0 |      0 |   1 |    0.0 |
               +--------+--------+--------+--------+--------+-----+--------+

Top non-repeatable levels by time:
     D:2: 1190 daAuts
     D:1: 1047 daAuts
     D:3: 57 daAuts
